cohdb
Replays
Latest Replays
All Replays
Popular Replays
Top Player Replays
Match Explorer
How It Works
Community
CoH3 Stats
Reddit
Sign in to upload your games and track your stats! →
Sign in with Steam
Match 46174496
Unlisted
Match 46174496
Overview
Messages
Build Orders
End
Panzergrenadier Squad
Panzergrenadier Squad
250 Light Carrier
Construct Light Support Kompanie
Fire Support Elements
le.IG 18 Support Gun Team
Pak 38 Mechanized Group
2.5-tonne Medical Truck
Flakvierling Half-track
Veteran Squad Leaders
MG34 Team
Construct Mechanized Kompanie
Flakvierling Half-track
Flakvierling Half-track
Vehicle Survival Package
Pak 38 Anti-tank Gun Team
Selects Panzerjäger Kommand Battlegroup
Selects Tank Busters
Selects Crew Shock Tactics
Pak 38 Anti-tank Gun Team
2.5-tonne Medical Truck
Selects Anti-tank Overwatch
Construct Panzerarmee Kommand
Anti-tank Overwatch
2.5-tonne Medical Truck
Emergency Repair Kits
Pak 38 Anti-tank Gun Team
Selects Mine Fields
Selects Defensive Positions
Panzergrenadier Squad
Armored Reserves
Anti-tank Overwatch
Flakvierling Half-track
Tiger Heavy Tank
Tungsten Core Ammunition
Anti-tank Overwatch
2.5-tonne Medical Truck
Selects Butterfly Bomb Drop
Butterfly Bomb Drop
Rapid Advance
Anti-tank Overwatch
Walking Stuka Rocket Launcher
2.5-tonne Medical Truck
Panzer IV Assault Group
2.5-tonne Medical Truck
Advanced Field Repairs
Pak 38 Anti-tank Gun Team
Anti-tank Overwatch
mi prima de Cifuentes
Tatari◑。
Destiny
본부중대장
506767261
=RUN=TWOMAn
VRRRR
WREN_PL
0
0
Comments
sign in to comment!
No comments posted yet!